 Dungeon Crawl Stone Soup version 0.30-a0-912-ge10d75a369 (webtiles) character file.

Game seed: 11839192592117835305

87 Grim the Grave Robber (level 4, -3/24 HPs)
             Began as a Deep Elf Necromancer on Mar 19, 2023.
             Slain by a gnoll
             ... wielding a +0 flail
              (12 damage)
             ... on level 2 of the Dungeon.
             The game lasted 00:03:24 (1182 turns).

Grim the Grave Robber (Deep Elf Necromancer)        Turns: 1182, Time: 00:03:25

Health: -3/24      AC:  4    Str:  7    XL:     4   Next: 28%
Magic:  1/10       EV: 13    Int: 20    God:
Gold:   60         SH:  0    Dex: 21    Spells: 5/9 levels left

rFire   + . .      SeeInvis .    i - staff of fire
rCold   . . .      Faith    .    (no shield)
rNeg    . . .      Spirit   .    n - +1 robe {Will+}
rPois   .          Reflect  .    (no helmet)
rElec   .          Rampage  .    (no cloak)
rCorr   .                        (no gloves)
Will    +....                    m - +0 pair of boots
Stlth   ++                       (no amulet)
HPRegen 0.24/turn                j - +6 ring of dexterity
MPRegen 0.12/turn                (no ring)

@: no status effects
A: no striking features
a: no special abilities


You were on level 2 of the Dungeon.
You visited 1 branch of the dungeon, and saw 2 of its levels.

You collected 60 gold pieces.

Inventory:

Armour
 a - a +0 robe
 m - a +0 pair of boots (worn)
 n - a +1 robe of willpower (worn)
Magical Staves
 i - a staff of fire (weapon)
Jewellery
 j - a +6 ring of dexterity (left hand)
Scrolls
 d - a scroll of magic mapping {unknown}
 e - 2 scrolls of identify {unknown}
 g - a scroll of teleportation {unknown}
Potions
 b - a potion of magic
 c - 2 potions of attraction {unknown}
 f - a potion of invisibility {unknown}
 h - a potion of mutation {unknown}
 k - a potion of curing {unknown}
 l - a potion of flight {unknown}


   Skills:
 + Level 1.4 Staves
 - Level 2.4 Dodging
 - Level 2.4 Stealth
 - Level 3.0 Spellcasting
 * Level 6.7 Necromancy


You had 5 spell levels left.
You knew the following spells:

 Your Spells              Type           Power      Damage    Failure   Level
a - Necrotise             Necr           100%       1d9       1%          1
b - Vampiric Draining     Necr           29%        2d8       2%          3

Your spell library contained the following spells:

 Spells                   Type           Power      Damage    Failure   Level
 Animate Dead             Necr           29%        N/A       9%          4
 Agony                    Necr           29%        N/A       26%         5


Dungeon Overview and Level Annotations

Branches:
Dungeon (2/15)

Altars:


Message History

Your kobold skeleton barely misses the gnoll.
The gnoll hits your kobold skeleton with a +0 flail!
Your kobold skeleton is destroyed!
Aiming: Necrotise (safe; 1% risk of failure)
Press: ? - help, Q - select action, (/) - cycle Shift-Dir - straight line, f/p - gnoll
Aim: a gnoll, wielding a +0 whip (heavily wounded, ally target, chance to affect: 88%)
The gnoll writhes in agony.
The gnoll hits your hobgoblin skeleton with a +0 flail.
The gnoll completely misses you.
Aiming: Necrotise (safe; 1% risk of failure)
Press: ? - help, Q - select action, (/) - cycle Shift-Dir - straight line, f/p - gnoll
Aim: a gnoll, wielding a +0 whip (severely wounded, ally target, chance to affect: 88%)
The gnoll writhes in agony.
Your hobgoblin skeleton barely misses the gnoll.
The gnoll hits your hobgoblin skeleton with a +0 flail.
Your hobgoblin skeleton is destroyed!
The gnoll hits you with a +0 whip!
You hit the gnoll.
The gnoll is almost dead.
The gnoll barely misses you.
You hit the gnoll.
You kill the gnoll!
Aiming: Necrotise (safe; 1% risk of failure)
Press: ? - help, Q - select action, (/) - cycle Shift-Dir - straight line, f - gnoll
Aim: a gnoll, wielding a +0 flail (moderately wounded, chance to affect: 88%)
The gnoll writhes in agony.
The gnoll closely misses you.
Unknown command.
The gnoll attacks as you move away! The gnoll hits you but does no damage.
Aiming: Necrotise (safe; 1% risk of failure)
Press: ? - help, Q - select action, (/) - cycle Shift-Dir - straight line, f/p - gnoll
Aim: a gnoll, wielding a +0 flail (heavily wounded, chance to affect: 88%)
The gnoll writhes in agony.
The gnoll misses you.
Unknown command.
The gnoll attacks as you move away! The gnoll hits you with a +0 flail!
* * * LOW HITPOINT WARNING * * *
Found 4 gold pieces.
The gnoll hits you with a +0 flail!
Ouch! That really hurt!
You die...

. ..# #.# . #.# #.#
. #.##### #.# .
#..... #.# . #.##.#
####.# . #.##.##
#....#
.###)....###.##.##
.?.)...........g.#
.####....#######@#
) #....# #....#
.#####..)# #.##.#
.........# #.# #..
..
######...###.###..
... #...##...##..#
.$
#####...##...##..#
#
##..##...##...##.##
#....#.#.##...# .#


You could see a gnoll.

Vanquished Creatures
  3 gnolls (D:2)
  2 adders (D:2)
  3 dart slugs (D:1)
  3 ball pythons (D:1)
  3 endoplasms
  2 giant cockroaches (D:1)
  A goblin (D:2)
  5 hobgoblins
  2 kobolds
  2 quokkas
  2 bats (D:1)
  A frilled lizard (D:1)
  2 rats (D:1)
31 creatures vanquished.

Vanquished Creatures (collateral kills)
  A dart slug (D:1)
  A frilled lizard (D:1)
2 creatures vanquished.

Vanquished Creatures (others)
  16 plants (D:2)
16 creatures vanquished.

Grand Total: 49 creatures vanquished

Notes
Turn   | Place    | Note
-------+----------+-------------------------------------------
     0 | D:1      | Grim the Deep Elf Necromancer began the quest for the Orb.
     0 | D:1      | Reached XP level 1. HP: 10/10 MP: 6/6
    61 | D:1      | Reached skill level 5 in Necromancy
   115 | D:1      | Reached XP level 2. HP: 10/15 MP: 2/8
   484 | D:1      | Reached skill level 6 in Necromancy
   541 | D:1      | Reached XP level 3. HP: 19/19 MP: 6/9
   997 | D:2      | Learned a level 3 spell: Vampiric Draining
  1088 | D:2      | Reached skill level 1 in Staves
  1095 | D:2      | Reached XP level 4. HP: 24/24 MP: 4/10
  1182 | D:2      | Slain by a gnoll

Illustrated notes

Levels and vault maps discovered:
D:1:      psy_arrival_spokes, layout_basic
D:2:      layout_basic, kennysheep_flooded_box, chequers_jeans,
          columned_hall_lemuel, serial_park_tiny_1, nicolae_grassy_gnolls

Skill      XL: |  1  2  3 |
---------------+----------+-----
Necromancy     | 5 6 |  6.7
Staves         | 1 |  1.4
Dodging        | |  2.4
Stealth        | |  2.4
Spellcasting   | |  3.0

Action                     |  1- 3 |  4- 6 || total
---------------------------+-------+-------++-------
  Melee: Unarmed           |     2 |       ||     2
         Staff             |       |     2 ||     2
   Cast: Necrotise         |    52 |    13 ||    65
 Armour: Robe              |     7 |     1 ||     8
  Dodge: Dodged            |     9 |     6 ||    15

Table legend: (Time is in decaauts)
 A = Elapsed time spent in this place.
 B = Non-inter-level travel time spent in this place.
 C = Inter-level travel time spent in this place.
 D = Time resting spent in this place.
 E = Time spent auto-exploring this place.
 F = Levels seen in this place.
 G = Mean time per level.
                   A        B        C        D        E       F      G
               +--------+--------+--------+--------+--------+-----+--------+
         Total |   1181 |   1165 |     16 |    276 |    646 |   2 |  590.5 |
       Dungeon |   1181 |   1165 |     16 |    276 |    646 |   2 |  590.5 |
               +--------+--------+--------+--------+--------+-----+--------+

Top non-repeatable levels by time:
     D:1: 908 daAuts
     D:2: 273 daAuts
